[ AOE2 MATCH · #475351008 ]
Team RMPersians vs Turks
Player's team · WIN
[ REPLAY ANALYSIS · EXTRACTED FROM THE RECORDED GAME ]
Feudal
12:50
Castle
17:18
Imperial
30:09
| APM avg | 26.5 |
| APM peak | 76 |
| eAPM avg | 14.4 |
| Villagers / military | 187 / 33 |
Focus
⚔️ 9.3% · 🌾 90.7%
War Elephant ×32 · Monk ×1
Feudal
9:32
Castle
18:27
Imperial
22:32
| APM avg | 31.2 |
| APM peak | 47 |
| eAPM avg | 16.8 |
| Villagers / military | 86 / 85 |
Focus
⚔️ 18.5% · 🌾 81.5%
Hand Cannoneer ×76 · Bombard Cannon ×5 · Mangonel ×2 · Monk ×1 · Cavalry Archer ×1
Feudal
10:23
Castle
17:33
Imperial
33:05
| APM avg | 27.6 |
| APM peak | 63 |
| eAPM avg | 13.6 |
| Villagers / military | 90 / 41 |
Focus
⚔️ 20.5% · 🌾 79.5%
Steppe Lancer ×34 · Iron Pagoda ×5 · Unknown (1923) ×2 · Monk ×1 · Battering Ram ×1
Feudal
11:17
Castle
15:00
Imperial
37:06
| APM avg | 19.1 |
| APM peak | 46 |
| eAPM avg | 10.5 |
| Villagers / military | 113 / 17 |
Focus
⚔️ 16.2% · 🌾 83.8%
War Elephant ×14 · Mangonel ×3
Feudal
11:28
Castle
15:32
Imperial
—
| APM avg | 29.6 |
| APM peak | 75 |
| eAPM avg | 14.5 |
| Villagers / military | 89 / 89 |
Focus
⚔️ 28.3% · 🌾 71.7%
Cavalry Archer ×47 · Spearman ×40 · Monk ×1 · Skirmisher ×1
Feudal
10:54
Castle
14:29
Imperial
—
| APM avg | 18.0 |
| APM peak | 56 |
| eAPM avg | 11.4 |
| Villagers / military | 72 / 34 |
Focus
⚔️ 30.4% · 🌾 69.6%
Knight ×18 · Militia ×4 · Mangonel ×4 · Spearman ×4 · Battering Ram ×4
Feudal
14:45
Castle
22:00
Imperial
35:12
| APM avg | 13.0 |
| APM peak | 32 |
| eAPM avg | 8.7 |
| Villagers / military | 101 / 41 |
Focus
⚔️ 20.2% · 🌾 79.8%
Genoese Crossbowman ×40 · Mangonel ×1
Feudal
11:23
Castle
15:06
Imperial
—
| APM avg | 27.1 |
| APM peak | 65 |
| eAPM avg | 15.2 |
| Villagers / military | 90 / 15 |
Focus
⚔️ 23.8% · 🌾 76.2%
Unknown (1911) ×38 · Fire Lancer ×15
Match map
Initial resources + every placement click. Lines = walls · curves = elevation contours. ◆ gold · ⬟ stone · ● berries · ✦ relic · ◌ wall gap
Inputs per minute
— Ebrio - - zzx
Build order — Ebrio
First 150 of 316 actions detected
| 0:03 | Create | Villager (Male) |
| 0:05 | Research | Loom |
| 0:15 | Build | House |
| 0:17 | Build | House |
| 0:51 | Create | Villager (Male) |
| 1:21 | Create | Villager (Male) ×3 |
| 1:22 | Create | Villager (Male) ×3 |
| 2:04 | Create | Villager (Male) |
| 2:04 | Create | Villager (Male) |
| 2:23 | Build | Lumber Camp |
| 2:40 | Create | Villager (Male) |
| 2:40 | Create | Villager (Male) |
| 2:57 | Create | Villager (Male) |
| 2:57 | Create | Villager (Male) |
| 3:30 | Create | Villager (Male) |
| 3:30 | Create | Villager (Male) |
| 3:30 | Create | Villager (Male) |
| 3:52 | Build | House |
| 4:14 | Create | Villager (Male) ×2 |
| 4:15 | Create | Villager (Male) ×2 |
| 4:58 | Build | Mill |
| 5:02 | Create | Villager (Male) |
| 5:02 | Create | Villager (Male) |
| 5:23 | Create | Villager (Male) ×2 |
| 5:31 | Build | House |
| 5:33 | Build | House |
| 6:36 | Create | Villager (Male) ×3 |
| 6:36 | Create | Villager (Male) ×3 |
| 7:11 | Create | Villager (Male) ×3 |
| 7:11 | Create | Villager (Male) ×3 |
| 8:22 | Create | Villager (Male) |
| 8:22 | Create | Villager (Male) |
| 8:23 | Create | Villager (Male) |
| 8:58 | Build | Farm |
| 9:03 | Build | Farm |
| 9:07 | Build | Farm |
| 9:12 | Build | Farm |
| 9:21 | Build | Farm |
| 9:25 | Build | Farm |
| 9:37 | Build | Farm |
| 9:47 | Create | Villager (Male) |
| 9:52 | Build | Farm |
| 10:16 | Build | Mining Camp |
| 10:46 | Research | Feudal Age |
| 12:17 | Create | Villager (Male) |
| 12:18 | Create | Villager (Male) |
| 12:50 | Age | Feudal Age |
| 13:07 | Build | Market |
| 13:12 | Build | Blacksmith |
| 13:16 | Research | Double-Bit Axe |
| 13:25 | Build | Mining Camp |
| 13:28 | Research | Wheelbarrow |
| 14:47 | Research | Horse Collar |
| 14:52 | Research | Castle Age |
| 15:01 | Build | House |
| 15:04 | Build | House |
| 15:18 | Build | House |
| 17:18 | Age | Castle Age |
| 17:28 | Build | Town Center |
| 17:33 | Research | Hand Cart |
| 17:37 | Research | Bow Saw |
| 17:50 | Build | Town Center |
| 18:04 | Research | Heavy Plow |
| 18:24 | Build | Farm |
| 18:25 | Build | Farm |
| 18:32 | Create | Villager (Male) |
| 18:32 | Create | Villager (Male) |
| 18:32 | Create | Villager (Male) |
| 18:33 | Create | Villager (Male) |
| 18:47 | Build | Farm |
| 18:48 | Build | Farm |
| 19:12 | Create | Villager (Male) |
| 19:12 | Create | Villager (Male) |
| 19:37 | Create | Villager (Male) |
| 19:45 | Build | Farm |
| 19:46 | Build | Farm |
| 19:48 | Build | Farm |
| 19:50 | Build | Farm |
| 19:54 | Create | Villager (Male) |
| 20:03 | Build | Farm |
| 20:05 | Build | Farm |
| 20:06 | Build | Farm |
| 20:11 | Build | Farm |
| 20:14 | Create | Villager (Male) |
| 20:30 | Build | Farm |
| 20:34 | Build | Farm |
| 20:37 | Create | Villager (Male) |
| 20:43 | Create | Villager (Male) |
| 20:48 | Build | Farm |
| 20:53 | Create | Villager (Male) |
| 21:00 | Create | Villager (Male) |
| 21:11 | Build | Farm |
| 21:16 | Create | Villager (Male) |
| 21:20 | Build | Farm |
| 21:25 | Create | Villager (Male) |
| 21:27 | Create | Villager (Male) |
| 21:31 | Create | Villager (Male) |
| 21:46 | Create | Villager (Male) |
| 21:47 | Create | Villager (Male) |
| 21:47 | Create | Villager (Male) |
| 22:00 | Build | Town Center |
| 22:02 | Create | Villager (Male) |
| 22:02 | Create | Villager (Male) |
| 22:03 | Create | Villager (Male) |
| 22:03 | Create | Villager (Male) |
| 22:13 | Build | Farm |
| 22:14 | Build | Farm |
| 22:20 | Build | Farm |
| 22:21 | Build | Farm |
| 22:22 | Create | Villager (Male) |
| 22:23 | Create | Villager (Male) |
| 22:23 | Create | Villager (Male) |
| 22:23 | Create | Villager (Male) |
| 22:24 | Create | Villager (Male) |
| 22:31 | Build | Farm |
| 22:32 | Create | Villager (Male) |
| 22:32 | Create | Villager (Male) |
| 22:39 | Build | Farm |
| 22:40 | Build | Farm |
| 22:50 | Create | Villager (Male) |
| 22:50 | Create | Villager (Male) |
| 22:50 | Create | Villager (Male) |
| 22:51 | Create | Villager (Male) |
| 22:57 | Build | Farm |
| 23:03 | Create | Villager (Male) |
| 23:04 | Create | Villager (Male) |
| 23:04 | Create | Villager (Male) |
| 23:04 | Create | Villager (Male) |
| 23:17 | Build | House |
| 23:18 | Build | House |
| 23:20 | Build | House |
| 23:21 | Build | House |
| 23:29 | Create | Villager (Male) |
| 23:29 | Create | Villager (Male) |
| 23:29 | Create | Villager (Male) |
| 23:29 | Create | Villager (Male) |
| 23:38 | Build | Farm |
| 23:39 | Build | Farm |
| 23:41 | Build | Farm |
| 23:47 | Build | Farm |
| 23:55 | Create | Villager (Male) |
| 23:56 | Create | Villager (Male) |
| 23:56 | Create | Villager (Male) |
| 23:56 | Create | Villager (Male) |
| 23:56 | Create | Villager (Male) |
| 24:12 | Build | Farm |
| 24:14 | Build | Farm |
| 24:16 | Build | Farm |
| 24:18 | Build | Farm |
| 24:19 | Create | Villager (Male) |
Build order — zzx
First 150 of 251 actions detected
| 0:03 | Create | Villager (Male) |
| 0:05 | Build | House |
| 0:07 | Build | House |
| 0:12 | Create | Villager (Male) |
| 0:12 | Create | Villager (Male) |
| 0:32 | Create | Villager (Male) |
| 0:32 | Create | Villager (Male) |
| 1:27 | Create | Villager (Male) |
| 1:28 | Create | Villager (Male) |
| 1:51 | Build | Lumber Camp |
| 1:53 | Create | Villager (Male) |
| 2:27 | Create | Villager (Male) |
| 2:42 | Create | Villager (Male) |
| 2:43 | Create | Villager (Male) |
| 3:19 | Create | Villager (Male) |
| 3:19 | Create | Villager (Male) |
| 3:41 | Build | House |
| 3:48 | Create | Villager (Male) |
| 3:48 | Create | Villager (Male) |
| 3:48 | Create | Villager (Male) |
| 4:23 | Build | Palisade Wall |
| 4:31 | Create | Villager (Male) |
| 4:45 | Create | Villager (Male) |
| 4:56 | Build | Palisade Wall |
| 5:06 | Build | Palisade Wall |
| 5:11 | Create | Villager (Male) |
| 5:34 | Build | House |
| 5:48 | Create | Villager (Male) |
| 5:53 | Build | Mill |
| 6:16 | Create | Villager (Male) |
| 6:31 | Create | Villager (Male) |
| 7:22 | Research | Feudal Age |
| 7:45 | Build | House |
| 8:17 | Create | Villager (Male) |
| 8:34 | Build | House |
| 8:53 | Create | Villager (Male) |
| 9:08 | Build | Mining Camp |
| 9:14 | Create | Villager (Male) |
| 9:22 | Create | Villager (Male) |
| 9:32 | Age | Feudal Age |
| 9:41 | Research | Double-Bit Axe |
| 9:41 | Research | Double-Bit Axe |
| 9:43 | Research | Horse Collar |
| 10:18 | Create | Villager (Male) |
| 10:31 | Research | Gold Mining |
| 10:39 | Build | Farm |
| 10:46 | Create | Villager (Male) |
| 10:59 | Build | Market |
| 11:00 | Create | Villager (Male) |
| 11:07 | Build | Farm |
| 11:18 | Build | Farm |
| 11:19 | Create | Villager (Male) |
| 11:24 | Create | Villager (Male) |
| 11:34 | Build | Farm |
| 11:39 | Build | Farm |
| 11:43 | Create | Villager (Male) |
| 11:56 | Build | House |
| 12:18 | Build | Farm |
| 12:20 | Build | Farm |
| 12:24 | Create | Villager (Male) |
| 12:50 | Build | Farm |
| 12:56 | Create | Villager (Male) |
| 13:03 | Build | Farm |
| 13:30 | Build | Farm |
| 13:37 | Build | Farm |
| 13:50 | Build | Farm |
| 14:09 | Research | Wheelbarrow |
| 14:09 | Research | Wheelbarrow |
| 14:20 | Build | House |
| 15:00 | Build | Blacksmith |
| 15:24 | Build | Farm |
| 15:27 | Create | Villager (Male) |
| 15:41 | Research | Castle Age |
| 15:41 | Research | Castle Age |
| 16:20 | Build | Barracks |
| 16:22 | Create | Villager (Male) |
| 18:13 | Build | Stable |
| 18:27 | Age | Castle Age |
| 18:37 | Build | Monastery |
| 18:41 | Create | Villager (Male) |
| 18:46 | Build | Siege Workshop |
| 18:57 | Create | Villager (Male) |
| 19:16 | Create | Mangonel |
| 19:21 | Research | Imperial Age |
| 19:32 | Create | Monk |
| 19:42 | Create | Villager (Male) |
| 19:53 | Create | Villager (Male) |
| 19:57 | Create | Mangonel |
| 20:24 | Create | Villager (Male) |
| 20:27 | Create | Villager (Male) |
| 20:36 | Build | Archery Range |
| 20:47 | Create | Villager (Male) |
| 21:04 | Research | Bow Saw |
| 21:07 | Build | House |
| 21:08 | Build | House |
| 21:09 | Build | House |
| 21:17 | Create | Villager (Male) |
| 21:30 | Build | Lumber Camp |
| 21:55 | Build | Archery Range |
| 21:58 | Create | Villager (Male) |
| 22:09 | Build | House |
| 22:10 | Build | House |
| 22:32 | Age | Imperial Age |
| 22:44 | Create | Hand Cannoneer |
| 22:47 | Create | Bombard Cannon |
| 22:55 | Create | Villager (Male) |
| 23:07 | Create | Hand Cannoneer |
| 23:07 | Create | Hand Cannoneer |
| 23:07 | Create | Hand Cannoneer |
| 23:10 | Build | House |
| 23:12 | Build | House |
| 23:13 | Build | House |
| 23:15 | Build | House |
| 23:17 | Build | House |
| 23:25 | Create | Villager (Male) |
| 23:28 | Build | Farm |
| 23:29 | Build | Farm |
| 23:29 | Build | Farm |
| 23:36 | Create | Villager (Male) |
| 23:38 | Build | Farm |
| 23:48 | Create | Hand Cannoneer |
| 23:48 | Create | Hand Cannoneer |
| 23:52 | Create | Villager (Male) |
| 24:02 | Create | Bombard Cannon |
| 24:02 | Create | Bombard Cannon |
| 24:22 | Create | Hand Cannoneer |
| 24:22 | Create | Hand Cannoneer |
| 24:23 | Create | Hand Cannoneer |
| 24:31 | Create | Villager (Male) |
| 24:41 | Create | Hand Cannoneer |
| 24:57 | Create | Villager (Male) |
| 25:09 | Create | Hand Cannoneer |
| 25:09 | Create | Hand Cannoneer |
| 25:19 | Create | Villager (Male) |
| 25:20 | Create | Hand Cannoneer ×2 |
| 25:23 | Create | Villager (Male) |
| 25:33 | Create | Villager (Male) |
| 25:36 | Build | House |
| 25:39 | Build | Farm |
| 25:54 | Create | Hand Cannoneer |
| 25:54 | Create | Hand Cannoneer |
| 25:55 | Create | Villager (Male) |
| 25:59 | Build | Archery Range |
| 26:00 | Build | Archery Range |
| 26:13 | Create | Villager (Male) |
| 26:23 | Create | Villager (Male) |
| 26:33 | Build | Town Center |
| 26:53 | Create | Villager (Male) |
| 26:55 | Create | Bombard Cannon |
| 26:59 | Create | Villager (Male) |
Build order — Vječni
First 150 of 227 actions detected
| 0:02 | Build | House |
| 0:04 | Build | House |
| 0:05 | Create | Villager (Male) |
| 0:05 | Create | Villager (Male) |
| 0:05 | Create | Villager (Male) |
| 0:06 | Create | Villager (Male) |
| 1:34 | Create | Villager (Male) |
| 1:56 | Build | Lumber Camp |
| 2:03 | Create | Villager (Male) |
| 2:03 | Create | Villager (Male) |
| 2:29 | Create | Villager (Male) |
| 2:57 | Create | Villager (Male) |
| 2:57 | Create | Villager (Male) |
| 3:19 | Create | Villager (Male) |
| 3:47 | Create | Villager (Male) |
| 3:53 | Build | House |
| 4:22 | Create | Villager (Male) |
| 4:22 | Create | Villager (Male) |
| 4:22 | Create | Villager (Male) |
| 4:24 | Build | Mill |
| 5:14 | Create | Villager (Male) |
| 5:14 | Create | Villager (Male) |
| 5:14 | Create | Villager (Male) |
| 5:14 | Create | Villager (Male) |
| 5:46 | Build | Mill |
| 5:48 | Create | Villager (Male) |
| 5:48 | Create | Villager (Male) |
| 6:09 | Build | House |
| 6:15 | Create | Villager (Male) |
| 6:15 | Create | Villager (Male) |
| 6:32 | Create | Villager (Male) |
| 6:32 | Create | Villager (Male) |
| 6:59 | Build | Mining Camp |
| 8:13 | Research | Feudal Age |
| 8:13 | Research | Feudal Age |
| 9:07 | Create | Villager (Male) |
| 9:42 | Build | House |
| 10:10 | Create | Villager (Male) |
| 10:18 | Research | Loom |
| 10:19 | Create | Villager (Male) |
| 10:19 | Create | Villager (Male) |
| 10:23 | Age | Feudal Age |
| 10:27 | Build | Blacksmith |
| 10:31 | Create | Villager (Male) |
| 11:11 | Build | Pasture |
| 11:18 | Create | Villager (Male) |
| 11:34 | Create | Villager (Male) |
| 12:01 | Build | Barracks |
| 12:11 | Build | Pasture |
| 12:14 | Create | Villager (Male) |
| 12:48 | Build | House |
| 13:21 | Build | Stable |
| 13:58 | Build | House |
| 13:59 | Create | Villager (Male) |
| 14:11 | Research | Double-Bit Axe |
| 14:22 | Build | Pasture |
| 14:28 | Create | Villager (Male) |
| 14:44 | Research | Castle Age |
| 14:50 | Build | House |
| 15:06 | Build | Pasture |
| 15:10 | Build | Pasture |
| 15:27 | Build | Stable |
| 15:33 | Build | House |
| 15:38 | Create | Villager (Male) |
| 15:42 | Build | Mining Camp |
| 15:56 | Build | Pasture |
| 16:20 | Research | Tech 1014 |
| 17:07 | Build | House |
| 17:33 | Age | Castle Age |
| 17:34 | Build | Siege Workshop |
| 17:40 | Create | Villager (Male) |
| 17:54 | Create | Steppe Lancer |
| 17:54 | Create | Steppe Lancer |
| 17:55 | Create | Steppe Lancer |
| 17:58 | Create | Villager (Male) |
| 18:06 | Create | Villager (Male) |
| 18:11 | Create | Steppe Lancer |
| 18:16 | Research | Scale Barding Armor |
| 18:32 | Build | Monastery |
| 18:53 | Create | Villager (Male) |
| 19:12 | Create | Monk |
| 19:16 | Build | House |
| 19:17 | Create | Villager (Male) |
| 19:23 | Create | Villager (Male) |
| 19:28 | Create | Battering Ram |
| 19:55 | Build | House |
| 19:56 | Create | Villager (Male) |
| 20:02 | Build | Lumber Camp |
| 20:33 | Create | Villager (Male) |
| 21:11 | Build | Castle |
| 21:13 | Create | Villager (Male) |
| 21:19 | Create | Villager (Male) |
| 21:27 | Create | Villager (Male) |
| 21:28 | Build | Pasture |
| 21:38 | Create | Iron Pagoda |
| 21:41 | Create | Villager (Male) |
| 21:49 | Create | Villager (Male) |
| 22:41 | Create | Iron Pagoda |
| 22:57 | Create | Villager (Male) |
| 23:01 | Research | Bow Saw |
| 23:05 | Build | Mining Camp |
| 23:12 | Build | Mining Camp |
| 23:15 | Build | Pasture |
| 23:16 | Create | Villager (Male) |
| 23:56 | Build | Pasture |
| 23:57 | Create | Villager (Male) |
| 24:04 | Build | Town Center |
| 24:10 | Create | Villager (Male) |
| 24:23 | Build | Pasture |
| 24:24 | Create | Villager (Male) |
| 24:40 | Create | Steppe Lancer |
| 24:40 | Create | Steppe Lancer |
| 24:47 | Create | Villager (Male) |
| 24:52 | Research | Gold Mining |
| 25:02 | Create | Villager (Male) |
| 25:02 | Create | Villager (Male) |
| 25:05 | Create | Villager (Male) |
| 25:15 | Build | Pasture |
| 25:18 | Create | Villager (Male) |
| 25:39 | Create | Villager (Male) |
| 26:08 | Build | Pasture |
| 26:08 | Create | Villager (Male) |
| 26:28 | Create | Villager (Male) |
| 26:36 | Build | University |
| 26:55 | Build | Mining Camp |
| 27:03 | Build | Siege Workshop |
| 27:08 | Build | Siege Workshop |
| 27:21 | Build | Pasture |
| 27:31 | Build | Siege Workshop |
| 27:36 | Build | Stable |
| 27:45 | Create | Villager (Male) |
| 27:46 | Create | Villager (Male) |
| 27:49 | Create | Villager (Male) |
| 27:51 | Create | Villager (Male) |
| 27:51 | Create | Villager (Male) |
| 27:55 | Build | House |
| 28:02 | Build | House |
| 28:03 | Build | House |
| 28:03 | Build | House |
| 28:04 | Build | House |
| 28:17 | Build | House |
| 28:17 | Build | House |
| 28:17 | Build | House |
| 28:18 | Build | House |
| 28:18 | Build | House |
| 28:18 | Build | House |
| 28:24 | Create | Villager (Male) |
| 28:31 | Research | Town Watch |
| 28:31 | Create | Villager (Male) |
| 28:40 | Build | House |
Build order — nanbo1
First 150 of 236 actions detected
| 0:02 | Create | Villager (Male) |
| 0:02 | Create | Villager (Male) |
| 0:03 | Create | Villager (Male) |
| 0:03 | Create | Villager (Male) |
| 0:03 | Create | Villager (Male) |
| 0:03 | Create | Villager (Male) |
| 0:04 | Build | House |
| 0:07 | Build | House |
| 1:31 | Create | Villager (Male) |
| 1:31 | Create | Villager (Male) |
| 1:52 | Build | Lumber Camp |
| 2:18 | Create | Villager (Male) |
| 2:18 | Create | Villager (Male) |
| 2:43 | Create | Villager (Male) |
| 2:43 | Create | Villager (Male) |
| 3:12 | Create | Villager (Male) |
| 3:13 | Create | Villager (Male) |
| 3:13 | Create | Villager (Male) |
| 3:21 | Build | House |
| 3:29 | Build | House |
| 3:44 | Build | Mill |
| 3:55 | Create | Villager (Male) |
| 3:55 | Create | Villager (Male) |
| 4:08 | Build | House |
| 4:27 | Create | Villager (Male) |
| 4:27 | Create | Villager (Male) |
| 4:35 | Build | House |
| 5:02 | Create | Villager (Male) |
| 5:02 | Create | Villager (Male) |
| 5:03 | Create | Villager (Male) |
| 5:48 | Create | Villager (Male) |
| 5:48 | Create | Villager (Male) |
| 6:17 | Create | Villager (Male) |
| 6:18 | Create | Villager (Male) |
| 6:18 | Create | Villager (Male) |
| 6:19 | Create | Villager (Male) |
| 6:19 | Create | Villager (Male) |
| 7:04 | Create | Villager (Male) |
| 7:04 | Create | Villager (Male) |
| 7:34 | Build | Mining Camp |
| 7:54 | Build | Mill |
| 8:42 | Create | Villager (Male) |
| 8:43 | Create | Villager (Male) |
| 8:43 | Create | Villager (Male) |
| 8:49 | Create | Villager (Male) |
| 9:11 | Research | Feudal Age |
| 9:11 | Research | Feudal Age |
| 9:24 | Build | Farm |
| 10:49 | Create | Villager (Male) |
| 10:49 | Create | Villager (Male) |
| 11:17 | Age | Feudal Age |
| 11:19 | Build | Market |
| 11:22 | Build | Blacksmith |
| 12:09 | Create | Villager (Male) |
| 12:12 | Research | Loom |
| 12:18 | Research | Castle Age |
| 12:18 | Research | Castle Age |
| 12:29 | Build | Mining Camp |
| 12:50 | Build | Farm |
| 12:53 | Build | Farm |
| 13:11 | Build | House |
| 13:17 | Build | House |
| 13:52 | Research | Double-Bit Axe |
| 14:06 | Build | Farm |
| 14:43 | Build | Farm |
| 14:48 | Create | Villager (Male) |
| 14:48 | Create | Villager (Male) |
| 14:56 | Build | Farm |
| 15:00 | Age | Castle Age |
| 15:19 | Build | Farm |
| 15:31 | Build | Farm |
| 15:37 | Create | Villager (Male) |
| 15:37 | Create | Villager (Male) |
| 15:48 | Build | Farm |
| 16:17 | Create | Villager (Male) |
| 16:30 | Build | Farm |
| 16:34 | Build | Farm |
| 16:52 | Create | Villager (Male) |
| 16:53 | Create | Villager (Male) |
| 17:21 | Build | Castle |
| 17:29 | Create | Villager (Male) |
| 17:30 | Create | Villager (Male) |
| 17:38 | Build | Siege Workshop |
| 18:19 | Create | Villager (Male) |
| 18:20 | Create | Villager (Male) |
| 18:23 | Build | House |
| 18:25 | Build | House |
| 18:59 | Create | Villager (Male) |
| 18:59 | Create | Villager (Male) |
| 19:01 | Create | War Elephant |
| 19:01 | Create | War Elephant |
| 19:07 | Build | House |
| 19:08 | Build | House |
| 19:28 | Research | Gold Mining |
| 19:40 | Research | Scale Barding Armor |
| 19:48 | Research | Horse Collar |
| 20:07 | Build | Farm |
| 20:16 | Build | Farm |
| 20:20 | Build | Farm |
| 20:22 | Create | Villager (Male) |
| 20:22 | Create | Villager (Male) |
| 20:30 | Create | Mangonel |
| 20:34 | Create | Villager (Male) |
| 20:41 | Build | Farm |
| 21:15 | Create | Mangonel |
| 21:21 | Create | War Elephant |
| 21:28 | Build | Farm |
| 21:34 | Build | Farm |
| 21:39 | Build | Farm |
| 21:47 | Build | Farm |
| 21:49 | Create | Villager (Male) |
| 21:49 | Create | Villager (Male) |
| 22:06 | Create | War Elephant |
| 22:34 | Build | Building 487 |
| 22:35 | Create | Villager (Male) |
| 22:35 | Create | Villager (Male) |
| 23:03 | Create | Villager (Male) |
| 23:06 | Create | Mangonel |
| 23:18 | Build | Outpost |
| 23:21 | Research | Town Watch |
| 23:22 | Create | Villager (Male) |
| 23:47 | Create | Villager (Male) |
| 23:51 | Build | Farm |
| 23:57 | Build | House |
| 23:58 | Build | House |
| 24:17 | Create | Villager (Male) |
| 24:19 | Create | Villager (Male) |
| 24:49 | Create | War Elephant |
| 25:11 | Create | Villager (Male) |
| 25:12 | Create | Villager (Male) |
| 25:28 | Build | Town Center |
| 25:32 | Create | Villager (Male) |
| 25:32 | Create | Villager (Male) |
| 25:38 | Create | War Elephant |
| 25:57 | Research | Chain Barding Armor |
| 26:24 | Create | Villager (Male) |
| 26:24 | Create | Villager (Male) |
| 26:44 | Build | Lumber Camp |
| 26:49 | Build | Farm |
| 26:49 | Build | Farm |
| 26:53 | Create | War Elephant |
| 26:56 | Build | Farm |
| 26:56 | Build | Farm |
| 26:56 | Build | Farm |
| 26:57 | Build | Farm |
| 26:57 | Build | Farm |
| 26:57 | Build | Farm |
| 27:00 | Create | Villager (Male) |
| 27:00 | Create | Villager (Male) |
| 27:00 | Create | Villager (Male) |
Build order — Quintem
First 150 of 302 actions detected
| 0:02 | Create | Villager (Male) |
| 0:02 | Create | Villager (Male) |
| 0:03 | Build | House |
| 0:05 | Build | House |
| 0:06 | Create | Villager (Male) |
| 0:06 | Create | Villager (Male) |
| 0:06 | Create | Villager (Male) |
| 1:53 | Build | Lumber Camp |
| 2:00 | Create | Villager (Male) |
| 2:01 | Create | Villager (Male) |
| 2:01 | Create | Villager (Male) |
| 2:42 | Create | Villager (Male) |
| 2:43 | Create | Villager (Male) |
| 3:03 | Create | Villager (Male) |
| 3:03 | Create | Villager (Male) |
| 3:42 | Create | Villager (Male) |
| 3:42 | Create | Villager (Male) |
| 4:10 | Create | Villager (Male) |
| 4:10 | Create | Villager (Male) |
| 4:25 | Create | Villager (Male) |
| 4:27 | Build | Mill |
| 4:40 | Build | House |
| 5:01 | Create | Villager (Male) |
| 5:01 | Create | Villager (Male) |
| 5:01 | Create | Villager (Male) |
| 5:36 | Build | Mill |
| 6:17 | Create | Villager (Male) |
| 6:26 | Build | House |
| 6:47 | Create | Villager (Male) |
| 6:48 | Create | Villager (Male) |
| 6:50 | Create | Villager (Male) |
| 7:46 | Create | Villager (Male) |
| 8:19 | Create | Villager (Male) |
| 8:22 | Create | Villager (Male) |
| 8:23 | Research | Feudal Age |
| 8:48 | Build | House |
| 9:02 | Build | Mining Camp |
| 9:08 | Create | Villager (Male) |
| 9:09 | Create | Villager (Male) |
| 10:49 | Build | Barracks |
| 11:22 | Build | Farm |
| 11:22 | Build | Farm |
| 11:25 | Build | Farm |
| 11:28 | Age | Feudal Age |
| 11:37 | Build | Blacksmith |
| 12:18 | Build | Archery Range |
| 12:21 | Create | Villager (Male) |
| 12:28 | Build | Farm |
| 12:33 | Research | Double-Bit Axe |
| 12:52 | Research | Castle Age |
| 13:13 | Create | Villager (Male) |
| 13:13 | Create | Villager (Male) |
| 13:30 | Build | Farm |
| 13:33 | Build | Farm |
| 13:51 | Build | Farm |
| 13:54 | Build | Farm |
| 13:57 | Create | Villager (Male) |
| 14:19 | Research | Horse Collar |
| 14:23 | Research | Fletching |
| 14:30 | Build | Archery Range |
| 15:11 | Build | Lumber Camp |
| 15:32 | Age | Castle Age |
| 15:34 | Create | Cavalry Archer |
| 15:35 | Create | Cavalry Archer |
| 15:36 | Research | Bodkin Arrow |
| 15:42 | Build | House |
| 15:45 | Build | House |
| 15:47 | Build | House |
| 15:50 | Build | House |
| 15:51 | Build | House |
| 16:15 | Research | Bow Saw |
| 16:23 | Create | Villager (Male) |
| 16:29 | Create | Cavalry Archer |
| 16:30 | Create | Cavalry Archer |
| 16:45 | Create | Villager (Male) |
| 17:06 | Create | Villager (Male) |
| 17:22 | Create | Cavalry Archer |
| 17:22 | Create | Cavalry Archer |
| 17:25 | Create | Cavalry Archer |
| 17:27 | Research | Padded Archer Armor |
| 17:34 | Create | Villager (Male) |
| 17:50 | Create | Villager (Male) |
| 17:54 | Build | Farm |
| 17:58 | Build | Farm |
| 18:01 | Create | Villager (Male) |
| 18:23 | Create | Cavalry Archer |
| 18:24 | Create | Cavalry Archer |
| 18:30 | Create | Villager (Male) |
| 18:40 | Build | Lumber Camp |
| 18:50 | Build | House |
| 18:52 | Build | House |
| 19:09 | Create | Cavalry Archer |
| 19:09 | Create | Cavalry Archer |
| 19:12 | Create | Villager (Male) |
| 19:22 | Create | Villager (Male) |
| 19:28 | Research | Heavy Plow |
| 19:31 | Create | Villager (Male) |
| 19:38 | Build | Farm |
| 20:27 | Create | Villager (Male) |
| 20:28 | Create | Villager (Male) |
| 20:35 | Build | Town Center |
| 20:56 | Create | Cavalry Archer |
| 20:56 | Create | Cavalry Archer |
| 21:04 | Build | University |
| 21:17 | Research | Thumb Ring |
| 21:17 | Research | Thumb Ring |
| 22:11 | Create | Cavalry Archer |
| 22:11 | Create | Cavalry Archer |
| 22:12 | Create | Villager (Male) |
| 22:13 | Create | Villager (Male) |
| 22:13 | Create | Villager (Male) |
| 22:17 | Build | Farm |
| 22:18 | Create | Villager (Male) |
| 22:29 | Create | Cavalry Archer |
| 22:29 | Create | Cavalry Archer |
| 22:38 | Research | Ballistics |
| 22:46 | Build | Farm |
| 22:47 | Create | Villager (Male) |
| 22:48 | Create | Villager (Male) |
| 23:39 | Create | Cavalry Archer |
| 23:39 | Create | Cavalry Archer |
| 23:40 | Create | Cavalry Archer |
| 24:06 | Create | Villager (Male) |
| 24:06 | Create | Villager (Male) |
| 24:09 | Research | Wheelbarrow |
| 24:10 | Create | Cavalry Archer |
| 24:10 | Create | Cavalry Archer |
| 24:41 | Create | Villager (Male) |
| 24:41 | Create | Villager (Male) |
| 24:45 | Build | Stable |
| 24:46 | Create | Villager (Male) |
| 24:46 | Create | Villager (Male) |
| 24:53 | Build | Farm |
| 24:53 | Build | Farm |
| 24:53 | Build | Farm |
| 24:53 | Build | Farm |
| 24:59 | Build | Farm |
| 25:01 | Build | House |
| 25:03 | Build | House |
| 25:04 | Build | House |
| 25:05 | Build | House |
| 25:10 | Build | Farm |
| 25:12 | Create | Villager (Male) |
| 25:12 | Create | Villager (Male) |
| 25:22 | Create | Cavalry Archer |
| 25:22 | Create | Cavalry Archer |
| 25:52 | Research | Husbandry |
| 26:23 | Create | Villager (Male) |
| 26:28 | Create | Villager (Male) |
| 26:30 | Build | Farm |
Build order — STM114514
First 150 of 165 actions detected
| 0:01 | Create | Villager (Male) |
| 0:01 | Create | Villager (Male) |
| 0:01 | Create | Villager (Male) |
| 0:02 | Create | Villager (Male) |
| 0:03 | Build | House |
| 0:04 | Build | House |
| 1:47 | Build | Lumber Camp |
| 1:48 | Create | Villager (Male) |
| 1:48 | Create | Villager (Male) |
| 1:48 | Create | Villager (Male) |
| 1:50 | Create | Villager (Male) |
| 1:51 | Create | Villager (Male) |
| 2:15 | Create | Villager (Male) |
| 2:40 | Create | Villager (Male) |
| 2:40 | Create | Villager (Male) |
| 3:06 | Build | House |
| 3:21 | Create | Villager (Male) |
| 3:22 | Create | Villager (Male) |
| 3:35 | Create | Villager (Male) |
| 4:07 | Build | Mill |
| 4:10 | Create | Villager (Male) |
| 4:36 | Create | Villager (Male) |
| 4:36 | Create | Villager (Male) |
| 4:54 | Create | Villager (Male) |
| 5:12 | Build | House |
| 5:15 | Create | Villager (Male) |
| 5:16 | Create | Villager (Male) |
| 5:32 | Create | Villager (Male) |
| 5:38 | Build | Mill |
| 6:13 | Create | Villager (Male) |
| 6:53 | Build | Farm |
| 7:00 | Build | Farm |
| 7:04 | Create | Villager (Male) |
| 7:04 | Create | Villager (Male) |
| 7:38 | Create | Villager (Male) |
| 7:39 | Create | Villager (Male) |
| 8:23 | Build | Mining Camp |
| 8:29 | Research | Feudal Age |
| 8:44 | Build | House |
| 8:57 | Build | Farm |
| 9:17 | Create | Villager (Male) |
| 9:18 | Create | Villager (Male) |
| 9:47 | Build | Farm |
| 10:54 | Age | Feudal Age |
| 10:59 | Build | Market |
| 11:11 | Build | Blacksmith |
| 11:49 | Research | Castle Age |
| 12:04 | Research | Double-Bit Axe |
| 12:57 | Build | Barracks |
| 13:19 | Build | House |
| 13:20 | Build | House |
| 14:01 | Build | Stable |
| 14:25 | Create | Militia |
| 14:25 | Create | Militia |
| 14:25 | Create | Militia |
| 14:26 | Create | Militia |
| 14:27 | Create | Spearman |
| 14:27 | Create | Spearman |
| 14:27 | Create | Spearman |
| 14:28 | Create | Spearman |
| 14:29 | Age | Castle Age |
| 14:35 | Create | Villager (Male) |
| 15:00 | Build | Siege Workshop |
| 15:05 | Build | Farm |
| 15:06 | Create | Villager (Male) |
| 15:07 | Create | Villager (Male) |
| 15:25 | Create | Knight |
| 15:36 | Build | Farm |
| 15:53 | Build | Farm |
| 16:03 | Create | Villager (Male) |
| 16:08 | Build | Farm |
| 16:31 | Build | Farm |
| 16:37 | Build | House |
| 16:38 | Build | House |
| 16:39 | Build | House |
| 16:47 | Create | Battering Ram |
| 16:52 | Research | Gold Mining |
| 16:56 | Create | Villager (Male) |
| 17:14 | Create | Knight |
| 17:37 | Create | Villager (Male) |
| 17:48 | Create | Battering Ram |
| 17:58 | Create | Villager (Male) |
| 18:19 | Create | Knight |
| 18:43 | Create | Knight |
| 18:47 | Research | Man-at-Arms (upgrade) |
| 18:49 | Create | Villager (Male) |
| 18:50 | Create | Villager (Male) |
| 19:09 | Create | Villager (Male) |
| 19:13 | Build | Lumber Camp |
| 20:27 | Create | Mangonel |
| 20:35 | Create | Knight |
| 20:35 | Create | Knight |
| 20:40 | Create | Villager (Male) |
| 20:41 | Create | Villager (Male) |
| 20:46 | Build | Siege Workshop |
| 21:21 | Create | Battering Ram |
| 22:25 | Build | Stable |
| 22:27 | Create | Battering Ram |
| 22:36 | Create | Villager (Male) |
| 22:36 | Create | Villager (Male) |
| 22:37 | Create | Villager (Male) |
| 22:37 | Create | Villager (Male) |
| 22:39 | Create | Knight |
| 22:40 | Create | Knight |
| 22:40 | Create | Knight |
| 22:40 | Create | Knight |
| 22:49 | Create | Mangonel |
| 23:21 | Create | Knight ×2 |
| 23:21 | Create | Knight ×2 |
| 23:32 | Build | Barracks |
| 23:50 | Create | Knight |
| 24:34 | Build | Siege Workshop |
| 25:53 | Build | Castle |
| 27:14 | Create | Villager (Male) |
| 27:14 | Create | Villager (Male) |
| 28:36 | Create | Knight |
| 28:36 | Create | Knight |
| 28:37 | Create | Knight |
| 28:40 | Create | Villager (Male) |
| 28:40 | Create | Villager (Male) |
| 28:45 | Build | Mining Camp |
| 29:09 | Build | Lumber Camp |
| 29:12 | Research | Bow Saw |
| 29:56 | Build | Farm |
| 30:07 | Build | Farm |
| 30:11 | Build | Farm |
| 30:18 | Build | Farm |
| 30:21 | Build | Farm |
| 30:26 | Build | Farm |
| 30:28 | Build | Farm |
| 31:25 | Create | Villager (Male) |
| 31:26 | Create | Villager (Male) |
| 31:32 | Build | Town Center |
| 31:34 | Build | Farm |
| 31:36 | Build | Farm |
| 31:37 | Build | Farm |
| 31:38 | Build | Farm |
| 32:16 | Create | Villager (Male) |
| 32:32 | Build | Farm |
| 32:44 | Create | Villager (Male) ×5 |
| 32:48 | Research | Gold Shaft Mining |
| 32:51 | Build | Farm |
| 33:17 | Build | Farm |
| 33:35 | Create | Mangonel |
| 33:42 | Build | Farm |
| 33:59 | Research | Wheelbarrow |
| 33:59 | Create | Villager (Male) ×5 |
| 34:05 | Build | Farm |
| 34:33 | Build | Farm |
| 34:35 | Build | Farm |
Build order — 602406569
First 150 of 245 actions detected
| 0:04 | Research | Loom |
| 0:04 | Create | Villager (Male) |
| 0:05 | Create | Villager (Male) |
| 0:05 | Create | Villager (Male) |
| 0:05 | Create | Villager (Male) |
| 0:05 | Create | Villager (Male) |
| 0:06 | Create | Villager (Male) |
| 0:22 | Build | House |
| 1:11 | Build | House |
| 1:13 | Build | House |
| 1:16 | Build | House |
| 1:17 | Build | House |
| 2:55 | Create | Villager (Male) |
| 2:55 | Create | Villager (Male) |
| 2:55 | Create | Villager (Male) |
| 3:11 | Create | Villager (Male) |
| 3:12 | Create | Villager (Male) |
| 3:12 | Create | Villager (Male) |
| 3:30 | Build | Mill |
| 4:02 | Create | Villager (Male) |
| 4:02 | Create | Villager (Male) |
| 4:02 | Create | Villager (Male) |
| 4:38 | Build | Mining Camp |
| 4:50 | Create | Villager (Male) |
| 4:50 | Create | Villager (Male) |
| 4:50 | Create | Villager (Male) |
| 5:30 | Create | Villager (Male) |
| 5:30 | Create | Villager (Male) |
| 5:31 | Create | Villager (Male) |
| 5:31 | Create | Villager (Male) |
| 5:31 | Create | Villager (Male) |
| 6:13 | Create | Villager (Male) |
| 6:13 | Create | Villager (Male) |
| 6:14 | Create | Villager (Male) |
| 6:46 | Create | Villager (Male) |
| 6:47 | Create | Villager (Male) |
| 6:47 | Create | Villager (Male) |
| 7:22 | Build | Mill |
| 7:25 | Create | Villager (Male) |
| 7:25 | Create | Villager (Male) |
| 7:26 | Create | Villager (Male) |
| 7:26 | Create | Villager (Male) |
| 7:26 | Create | Villager (Male) |
| 7:45 | Create | Villager (Male) |
| 7:45 | Create | Villager (Male) |
| 7:45 | Create | Villager (Male) |
| 8:04 | Create | Villager (Male) |
| 8:05 | Create | Villager (Male) |
| 8:32 | Create | Villager (Male) |
| 8:33 | Create | Villager (Male) |
| 8:33 | Create | Villager (Male) |
| 9:20 | Build | Lumber Camp |
| 9:31 | Create | Villager (Male) |
| 9:31 | Create | Villager (Male) |
| 9:31 | Create | Villager (Male) |
| 9:32 | Create | Villager (Male) |
| 9:32 | Create | Villager (Male) |
| 9:32 | Create | Villager (Male) |
| 12:02 | Build | Mining Camp |
| 12:13 | Research | Feudal Age |
| 12:21 | Build | House |
| 12:23 | Build | House |
| 12:25 | Build | House |
| 12:27 | Build | House |
| 12:30 | Build | House |
| 13:10 | Create | Villager (Male) |
| 13:10 | Create | Villager (Male) |
| 14:45 | Age | Feudal Age |
| 14:49 | Research | Horse Collar |
| 14:56 | Research | Double-Bit Axe |
| 15:02 | Create | Villager (Male) |
| 15:02 | Create | Villager (Male) |
| 15:03 | Create | Villager (Male) |
| 15:03 | Create | Villager (Male) |
| 15:03 | Create | Villager (Male) |
| 15:27 | Build | Barracks |
| 15:36 | Build | Farm |
| 15:38 | Build | Farm |
| 15:42 | Build | Farm |
| 15:44 | Build | Farm |
| 15:45 | Build | Farm |
| 15:47 | Build | Farm |
| 15:49 | Build | Farm |
| 15:51 | Build | Farm |
| 15:55 | Build | Farm |
| 16:09 | Build | Market |
| 16:23 | Create | Villager (Male) |
| 16:23 | Create | Villager (Male) |
| 16:31 | Create | Villager (Male) |
| 16:52 | Build | Farm |
| 17:02 | Build | Farm |
| 17:13 | Build | Farm |
| 17:19 | Build | Farm |
| 17:27 | Build | Blacksmith |
| 17:58 | Create | Villager (Male) |
| 18:43 | Research | Castle Age |
| 19:22 | Build | Archery Range |
| 20:17 | Research | Stone Mining |
| 20:18 | Research | Gold Mining |
| 21:17 | Build | Mining Camp |
| 22:00 | Age | Castle Age |
| 22:12 | Build | Castle |
| 22:17 | Create | Villager (Male) |
| 22:17 | Create | Villager (Male) |
| 22:17 | Create | Villager (Male) |
| 22:17 | Create | Villager (Male) |
| 22:18 | Create | Villager (Male) |
| 22:18 | Create | Villager (Male) |
| 22:18 | Create | Villager (Male) |
| 22:18 | Create | Villager (Male) |
| 22:19 | Create | Villager (Male) |
| 22:39 | Build | Siege Workshop |
| 23:09 | Research | Bow Saw |
| 23:13 | Research | Heavy Plow |
| 23:19 | Create | Villager (Male) |
| 23:28 | Research | Thumb Ring |
| 23:44 | Build | Town Center |
| 23:55 | Build | Town Center |
| 24:04 | Create | Genoese Crossbowman |
| 24:04 | Create | Genoese Crossbowman |
| 24:05 | Create | Genoese Crossbowman |
| 24:05 | Create | Genoese Crossbowman |
| 24:05 | Create | Genoese Crossbowman |
| 24:06 | Create | Genoese Crossbowman |
| 24:06 | Create | Genoese Crossbowman |
| 24:06 | Create | Genoese Crossbowman |
| 24:07 | Create | Genoese Crossbowman |
| 25:01 | Create | Genoese Crossbowman |
| 25:01 | Create | Genoese Crossbowman |
| 25:01 | Create | Genoese Crossbowman |
| 25:01 | Create | Genoese Crossbowman |
| 25:02 | Create | Genoese Crossbowman |
| 25:02 | Create | Genoese Crossbowman |
| 25:02 | Create | Genoese Crossbowman |
| 25:02 | Create | Genoese Crossbowman |
| 25:50 | Create | Villager (Male) |
| 25:51 | Create | Villager (Male) |
| 25:51 | Create | Villager (Male) |
| 25:51 | Create | Villager (Male) |
| 25:52 | Create | Villager (Male) |
| 25:52 | Create | Villager (Male) |
| 25:52 | Create | Villager (Male) |
| 26:11 | Research | Forging |
| 26:15 | Create | Genoese Crossbowman |
| 26:16 | Create | Genoese Crossbowman |
| 26:16 | Create | Genoese Crossbowman |
| 26:16 | Create | Genoese Crossbowman |
| 26:16 | Create | Genoese Crossbowman |
| 26:17 | Create | Genoese Crossbowman |
| 26:38 | Build | Farm |
Build order — Thundah
First 150 of 246 actions detected
| 0:03 | Build | House |
| 0:05 | Build | House |
| 0:05 | Create | Villager (Male) |
| 0:05 | Create | Villager (Male) |
| 0:06 | Create | Villager (Male) |
| 0:06 | Create | Villager (Male) |
| 0:06 | Create | Villager (Male) |
| 1:34 | Create | Villager (Male) |
| 1:34 | Create | Villager (Male) |
| 1:54 | Build | Lumber Camp |
| 2:27 | Create | Villager (Male) |
| 2:27 | Create | Villager (Male) |
| 2:27 | Create | Villager (Male) |
| 3:03 | Create | Villager (Male) |
| 3:03 | Create | Villager (Male) |
| 3:13 | Create | Villager (Male) |
| 3:50 | Build | Mill |
| 4:02 | Create | Villager (Male) |
| 4:03 | Create | Villager (Male) |
| 4:24 | Create | Villager (Male) |
| 4:25 | Create | Villager (Male) |
| 4:47 | Build | House |
| 4:49 | Build | House |
| 4:55 | Create | Villager (Male) |
| 4:55 | Create | Villager (Male) |
| 4:57 | Create | Villager (Male) |
| 4:58 | Create | Villager (Male) |
| 6:18 | Create | Villager (Male) |
| 6:18 | Create | Villager (Male) |
| 6:18 | Create | Villager (Male) |
| 6:19 | Create | Villager (Male) |
| 7:03 | Build | Mill |
| 7:39 | Create | Villager (Male) |
| 7:40 | Create | Villager (Male) |
| 8:24 | Create | Villager (Male) |
| 8:37 | Research | Feudal Age |
| 8:56 | Build | Mining Camp |
| 9:05 | Build | Mining Camp |
| 9:32 | Build | House |
| 9:35 | Build | House |
| 9:55 | Create | Villager (Male) |
| 9:55 | Create | Villager (Male) |
| 11:23 | Age | Feudal Age |
| 11:32 | Build | Market |
| 11:38 | Build | Blacksmith |
| 12:26 | Research | Castle Age |
| 12:37 | Build | House |
| 12:39 | Build | House |
| 12:58 | Research | Double-Bit Axe |
| 13:20 | Build | Barracks |
| 13:30 | Create | Villager (Male) |
| 14:29 | Build | House |
| 14:59 | Build | Archery Range |
| 15:02 | Build | Archery Range |
| 15:06 | Age | Castle Age |
| 15:10 | Build | Farm |
| 15:10 | Build | Farm |
| 15:14 | Build | Farm |
| 15:14 | Build | Farm |
| 15:21 | Create | Villager (Male) |
| 15:25 | Research | Wheelbarrow |
| 15:26 | Create | Villager (Male) |
| 16:04 | Research | Horse Collar |
| 16:07 | Research | Gold Mining |
| 16:13 | Build | Farm |
| 16:13 | Build | Farm |
| 16:45 | Create | Unit 1911 |
| 16:45 | Create | Unit 1911 |
| 16:45 | Create | Unit 1911 |
| 16:46 | Create | Unit 1911 |
| 16:46 | Create | Unit 1911 |
| 17:05 | Create | Villager (Male) |
| 17:17 | Create | Villager (Male) |
| 17:27 | Build | Farm |
| 17:27 | Build | Farm |
| 17:56 | Create | Villager (Male) |
| 17:57 | Create | Villager (Male) |
| 18:14 | Build | Town Center |
| 18:19 | Create | Villager (Male) |
| 18:19 | Create | Villager (Male) |
| 18:20 | Create | Villager (Male) |
| 18:38 | Create | Unit 1911 |
| 18:38 | Create | Unit 1911 |
| 18:39 | Create | Unit 1911 |
| 18:47 | Research | Padded Archer Armor |
| 19:08 | Build | Lumber Camp |
| 19:17 | Build | Farm |
| 19:17 | Build | Farm |
| 19:20 | Create | Villager (Male) |
| 19:20 | Create | Villager (Male) |
| 19:22 | Create | Villager (Male) |
| 19:29 | Build | House |
| 19:59 | Build | Archery Range |
| 20:02 | Build | House |
| 20:03 | Build | House |
| 20:42 | Build | House |
| 20:55 | Create | Unit 1911 |
| 20:55 | Create | Unit 1911 |
| 20:56 | Create | Unit 1911 |
| 20:56 | Create | Unit 1911 |
| 21:20 | Build | Archery Range |
| 21:22 | Build | Archery Range |
| 21:39 | Create | Fire Lancer |
| 21:39 | Create | Fire Lancer |
| 22:06 | Create | Villager (Male) |
| 22:11 | Create | Villager (Male) |
| 22:11 | Create | Villager (Male) |
| 22:29 | Research | Loom |
| 22:40 | Create | Unit 1911 |
| 22:40 | Create | Unit 1911 |
| 22:41 | Create | Unit 1911 |
| 22:45 | Build | Farm |
| 22:50 | Build | Farm |
| 22:51 | Build | Farm |
| 22:51 | Build | Farm |
| 22:51 | Build | Farm |
| 22:53 | Build | Farm |
| 23:17 | Build | Archery Range |
| 23:28 | Create | Unit 1911 |
| 23:29 | Create | Unit 1911 |
| 23:35 | Create | Villager (Male) |
| 23:48 | Create | Villager (Male) |
| 24:52 | Build | University |
| 25:19 | Create | Unit 1911 |
| 25:19 | Create | Unit 1911 |
| 25:19 | Create | Unit 1911 |
| 25:22 | Create | Fire Lancer |
| 25:22 | Create | Fire Lancer |
| 25:24 | Create | Villager (Male) |
| 25:24 | Create | Villager (Male) |
| 25:25 | Create | Villager (Male) |
| 25:25 | Create | Villager (Male) |
| 25:57 | Build | Barracks |
| 26:05 | Create | Villager (Male) |
| 26:05 | Create | Villager (Male) |
| 26:19 | Create | Unit 1911 |
| 26:42 | Build | Mining Camp |
| 26:44 | Create | Villager (Male) |
| 26:51 | Research | Gold Shaft Mining |
| 27:10 | Create | Fire Lancer |
| 27:21 | Create | Unit 1911 |
| 27:21 | Create | Unit 1911 |
| 27:36 | Build | Building 490 |
| 27:43 | Create | Villager (Male) |
| 27:43 | Create | Villager (Male) |
| 27:48 | Create | Villager (Male) |
| 27:48 | Create | Villager (Male) |
| 27:53 | Build | Farm |
| 27:53 | Build | Farm |
| 28:03 | Create | Villager (Male) |
Match timeline
| 4:23 | zzx · wall_segment Palisade Wall x5 |
| 4:56 | zzx · wall_segment Palisade Wall x2 |
| 5:06 | zzx · wall_segment Palisade Wall x14 |
| 9:32 | zzx · age_up feudal |
| 10:23 | Vječni · age_up feudal |
| 10:49 | Quintem · first_building Barracks |
| 10:54 | STM114514 · age_up feudal |
| 11:17 | nanbo1 · age_up feudal |
| 11:23 | Thundah · age_up feudal |
| 11:28 | Quintem · age_up feudal |
| 12:01 | Vječni · first_building Barracks |
| 12:18 | Quintem · first_building Archery Range |
| 12:50 | Ebrio · age_up feudal |
| 12:57 | STM114514 · first_building Barracks |
| 13:20 | Thundah · first_building Barracks |
| 13:21 | Vječni · first_building Stable |
| 14:01 | STM114514 · first_building Stable |
| 14:29 | STM114514 · age_up castle |
| 14:45 | 602406569 · age_up feudal |
| 14:59 | Thundah · first_building Archery Range |
| 15:00 | STM114514 · first_building Siege Workshop |
| 15:00 | nanbo1 · age_up castle |
| 15:06 | Thundah · age_up castle |
| 15:27 | 602406569 · first_building Barracks |
| 15:32 | Quintem · age_up castle |
| 16:20 | zzx · first_building Barracks |
| 17:18 | Ebrio · age_up castle |
| 17:21 | nanbo1 · first_building Castle |
| 17:33 | Vječni · age_up castle |
| 17:34 | Vječni · first_building Siege Workshop |
| 17:38 | nanbo1 · first_building Siege Workshop |
| 18:13 | zzx · first_building Stable |
| 18:27 | zzx · age_up castle |
| 18:32 | Vječni · first_building Monastery |
| 18:37 | zzx · first_building Monastery |
| 18:46 | zzx · first_building Siege Workshop |
| 19:22 | 602406569 · first_building Archery Range |
| 19:30 | zzx · first_market_sell 100 food |
| 20:36 | zzx · first_building Archery Range |
| 21:11 | Vječni · first_building Castle |
| 21:42 | zzx · first_market_buy 100 wood |
| 22:00 | 602406569 · age_up castle |
| 22:12 | 602406569 · first_building Castle |
| 22:32 | zzx · age_up imperial |
| 22:39 | 602406569 · first_building Siege Workshop |
| 24:45 | Quintem · first_building Stable |
| 24:50 | STM114514 · first_market_sell 500 wood |
| 24:52 | STM114514 · first_market_buy 500 stone |
| 25:53 | STM114514 · first_building Castle |
| 26:46 | Ebrio · first_building Monastery |
| 27:39 | Ebrio · first_building Barracks |
| 28:46 | Thundah · first_market_sell 100 wood |
| 29:20 | Ebrio · first_building Stable |
| 29:54 | nanbo1 · first_market_buy 100 stone |
| 29:59 | Ebrio · first_building Castle |
| 30:06 | nanbo1 · first_building Monastery |
| 30:09 | Ebrio · age_up imperial |
| 31:22 | Ebrio · first_building Archery Range |
| 33:05 | Vječni · age_up imperial |
| 34:08 | Quintem · first_market_sell 100 food |
| 34:16 | Quintem · first_building Monastery |
| 35:12 | 602406569 · age_up imperial |
| 35:50 | Vječni · first_market_buy 100 wood |
| 36:30 | Thundah · first_building Castle |
| 37:06 | nanbo1 · age_up imperial |
| 38:02 | zzx · resign |
[ AI ANALYSIS · 1 CREDIT ]
What really happened in this match?
Wolo.gg analyzes every decision: build order, eco, micro, common mistakes by bracket. Personalized analysis on WhatsApp or Discord in 30 seconds.
Civ guide
Persians
Map guide
Arena
Perfil
Jugador #296997